General information
- name: BNet
- type: Ladder team game (AT/RT)
- host: Battle.net
- saver: Bromeister
map: BloodstoneMesa
- players: 6
- length: 10:13
- speed: Fast
- version: 1.26 W3XP
- replay type: Public
» download(62 KB)
Players
team 1 (winner)
Bromeister (
orange | 93 APM | 951 actions | 10:13)
2 Far Seer
1 Feral Spirit
1 Chain Lighting
» actions
| Assign group hotkey | 4 | |
| Basic commands | 2 | |
| Build / train | 28 | |
| Enter build submenu | 33 | |
| Enter hero's abilities submenu | 2 | |
| Remove unit from queue | 1 | |
| Right click | 586 | |
| Select / deselect | 124 | |
| Select group hotkey | 105 | |
| Use ability | 66 | |
951 total
» units
» upgrades
| Spiked Barricades | 1 | |
| Ranged Weapons | 1 | |
2 total
» buildings
| War Mill | 1 | |
| Orc Burrow | 3 | |
| Watch Tower | 20 | |
| Altar of Storms | 1 | |
| Voodoo Lounge | 1 | |
| Barracks | 1 | |
| Stronghold | 3 | |
| Fortress | 2 | |
| Beastiary | 2 | |
34 total
» build order
00:08 War Mill
01:20 Orc Burrow
01:38 Watch Tower
01:42 Watch Tower
01:57 Altar of Storms
02:40 Voodoo Lounge
03:16 Watch Tower
03:36 Watch Tower
03:44 Orc Burrow
04:05 Watch Tower
04:20 Watch Tower
04:26 Barracks
05:25 Watch Tower
05:26 Watch Tower
05:48 Watch Tower
05:52 Stronghold
05:52 Stronghold
06:48 Watch Tower
06:50 Watch Tower
06:54 Watch Tower
07:35 Watch Tower
07:38 Orc Burrow
07:49 Watch Tower
07:53 Watch Tower
07:55 Watch Tower
08:04 Watch Tower
08:36 Fortress
08:49 Watch Tower
09:32 Watch Tower
09:50 Beastiary
09:54 Watch Tower
09:57 Beastiary
» items
| Healing Salve | 1 | |
| Lesser Clarity Potion | 2 | |
| Scroll of Speed | 1 | |
4 total
qwsedrf (
teal | 29 APM | 298 actions | 10:06)
1 Archmage
1 Summon Water Elemental
» actions
| Basic commands | 10 | |
| Build / train | 27 | |
| Enter build submenu | 11 | |
| Enter hero's abilities submenu | 1 | |
| Right click | 148 | |
| Select / deselect | 78 | |
| Use ability | 23 | |
298 total
» units
» upgrades
» buildings
| Farm | 9 | |
| Altar of Kings | 1 | |
| Barracks | 2 | |
| Lumber Mill | 1 | |
| Keep | 1 | |
| Castle | 1 | |
| Blacksmith | 1 | |
16 total
» build order
00:47 Farm
00:51 Altar of Kings
00:55 Barracks
01:12 Lumber Mill
01:27 Farm
02:13 Farm
02:27 Barracks
03:00 Farm
04:19 Keep
04:44 Farm
04:45 Farm
06:59 Castle
07:13 Blacksmith
08:42 Farm
08:43 Farm
08:43 Farm
» items
| Potion of Healing | 1 | |
| Scroll of Speed | 1 | |
2 total
BringTheEnd (
red | 79 APM | 795 actions | 10:06)
2 Blademaster
1 Wind Walk
1 Critical Strike
2 Shadow Hunter
1 Serpent Ward
1 Healing Wave
» actions
| Assign group hotkey | 7 | |
| Basic commands | 60 | |
| Build / train | 47 | |
| Enter build submenu | 14 | |
| Enter hero's abilities submenu | 4 | |
| Remove unit from queue | 7 | |
| Right click | 141 | |
| Select / deselect | 165 | |
| Select group hotkey | 300 | |
| Use ability | 50 | |
795 total
» units
» upgrades
| Spiked Barricades | 1 | |
| Armor | 1 | |
| Pillage | 1 | |
| Melee Weapons | 1 | |
| Ensnare | 1 | |
5 total
» buildings
| Altar of Storms | 1 | |
| Orc Burrow | 5 | |
| War Mill | 1 | |
| Watch Tower | 4 | |
| Voodoo Lounge | 1 | |
| Stronghold | 1 | |
| Beastiary | 2 | |
15 total
» build order
00:08 Altar of Storms
00:11 Orc Burrow
00:26 War Mill
01:45 Watch Tower
02:01 Voodoo Lounge
02:42 Watch Tower
03:17 Stronghold
03:45 Watch Tower
04:31 Orc Burrow
06:05 Beastiary
06:13 Beastiary
06:58 Watch Tower
08:40 Orc Burrow
08:41 Orc Burrow
08:42 Orc Burrow
» items
| Healing Salve | 2 | |
| Lesser Clarity Potion | 3 | |
| Scroll of Speed | 2 | |
| Potion of Healing | 1 | |
8 total
team 2 (loser)
ledoc (
green | 97 APM | 982 actions | 10:05)
2 Archmage
1 Summon Water Elemental
1 Brilliance Aura
» actions
| Assign group hotkey | 20 | |
| Build / train | 32 | |
| ESC pressed | 1 | |
| Enter build submenu | 20 | |
| Enter hero's abilities submenu | 2 | |
| Right click | 356 | |
| Select / deselect | 166 | |
| Select group hotkey | 358 | |
| Use ability | 27 | |
982 total
» units
| Peasant | 12 | |
| Rifleman | 7 | |
| Mortar Team | 4 | |
| Flying Machine | 1 | |
24 total
» upgrades
» buildings
| Altar of Kings | 1 | |
| Farm | 9 | |
| Blacksmith | 1 | |
| Barracks | 1 | |
| Scout Tower | 2 | |
| Arcane Tower | 1 | |
| Keep | 1 | |
| Lumber Mill | 1 | |
| Arcane Vault | 1 | |
| Workshop | 2 | |
20 total
» build order
00:18 Altar of Kings
00:37 Farm
00:59 Blacksmith
01:09 Barracks
01:19 Farm
01:28 Scout Tower
02:21 Arcane Tower
02:30 Farm
03:09 Farm
03:36 Keep
03:44 Lumber Mill
04:31 Scout Tower
05:52 Arcane Vault
05:59 Workshop
06:03 Workshop
06:28 Farm
07:02 Farm
07:05 Farm
07:15 Farm
07:25 Farm
chumaster (
blue | 41 APM | 404 actions | 09:53)
3 Paladin
2 Holy Light
1 Divine Shield
» actions
| Assign group hotkey | 7 | |
| Basic commands | 18 | |
| Build / train | 33 | |
| Enter build submenu | 13 | |
| Enter hero's abilities submenu | 3 | |
| Remove unit from queue | 1 | |
| Right click | 157 | |
| Select / deselect | 97 | |
| Select group hotkey | 47 | |
| Use ability | 28 | |
404 total
» units
» upgrades
» buildings
| Altar of Kings | 1 | |
| Farm | 5 | |
| Scout Tower | 2 | |
| Arcane Tower | 1 | |
| Lumber Mill | 1 | |
| Keep | 1 | |
| Guard Tower | 1 | |
| Barracks | 1 | |
| Blacksmith | 1 | |
| Castle | 1 | |
15 total
» build order
00:21 Altar of Kings
00:35 Farm
01:11 Scout Tower
01:23 Farm
01:40 Arcane Tower
01:46 Lumber Mill
02:07 Scout Tower
02:37 Keep
02:54 Guard Tower
03:03 Barracks
03:12 Farm
03:31 Blacksmith
03:51 Farm
04:37 Farm
05:03 Castle

»
101bank (
pink | 62 APM | 620 actions | 10:00)
2 Archmage
1 Summon Water Elemental
1 Blizzard
» actions
| Build / train | 31 | |
| Enter build submenu | 19 | |
| Enter hero's abilities submenu | 2 | |
| Right click | 380 | |
| Select / deselect | 150 | |
| Use ability | 38 | |
620 total
» units
| Peasant | 14 | |
| Footman | 2 | |
| Mortar Team | 5 | |
21 total
» upgrades
» buildings
| Altar of Kings | 1 | |
| Farm | 8 | |
| Barracks | 1 | |
| Scout Tower | 3 | |
| Lumber Mill | 1 | |
| Arcane Tower | 2 | |
| Blacksmith | 1 | |
| Arcane Vault | 1 | |
| Keep | 1 | |
| Guard Tower | 1 | |
| Workshop | 3 | |
23 total
» build order
00:08 Altar of Kings
00:21 Farm
00:51 Barracks
01:02 Farm
01:18 Scout Tower
01:35 Lumber Mill
01:42 Farm
02:01 Arcane Tower
03:01 Blacksmith
03:22 Arcane Vault
04:23 Keep
04:41 Scout Tower
04:44 Scout Tower
05:30 Guard Tower
05:31 Arcane Tower
06:12 Farm
06:16 Farm
06:53 Workshop
06:56 Workshop
07:11 Workshop
07:47 Farm
07:50 Farm
07:54 Farm
» items
Chat log
(00:08 / Allies) qwsedrf: knights
(00:14 / Allies) Bromeister: plz mass foots first
(00:14 / Allies) qwsedrf: they reset the wins?
(00:17 / Allies) Bromeister: with defend
(00:28 / Allies) Bromeister: im pro toewr rusher
(00:29 / Allies) qwsedrf: play your own game
(00:33 / Allies) qwsedrf: ok
(00:34 / Allies) Bromeister: lolwut
(00:41 / Allies) Bromeister: if you straight tech
(00:43 / Allies) Bromeister: i guarantee
(00:45 / Allies) Bromeister: we're gona lose lol
(00:58 / Allies) qwsedrf: im not teching
(00:59 / Allies) Bromeister: k
(01:00 / Allies) Bromeister: ty
(01:04 / Allies) Bromeister: mass foot with defend
(01:06 / Allies) Bromeister: im tower rushing bro
(01:18 / Allies) qwsedrf: ok
(02:45 / Allies) Bromeister: wopd plz
(03:10 / Allies) Bromeister: got wood
(03:22 / Allies) qwsedrf: cant mass and give wood...lol
(03:27 / Allies) Bromeister: its k
(03:46 / Allies) Bromeister: wow ty
(03:58 / Allies) Bromeister: dont
(04:01 / Allies) Bromeister: lead him to my shit
(04:08 / Allies) Bromeister: his militia will rape me
(04:36 / Allies) Bromeister: wood
(04:44 / Allies) Bromeister: lol
(04:45 / Allies) Bromeister: he saw
(04:46 / Allies) Bromeister: guys hit
(04:49 / Allies) Bromeister: hit a base now
(04:56 / Allies) qwsedrf: coming to you
(05:19 / Allies) Bromeister: kill the tower
(05:20 / Allies) Bromeister: u noob
(05:21 / Allies) Bromeister: wtf
(05:29 / Allies) qwsedrf: wow u suck
(05:36 / Allies) Bromeister: fight
(05:51 / Allies) qwsedrf: cant carry out yourrr plan by yourself...lol
(05:54 / Allies) Bromeister: did red really tech
(05:57 / Allies) Bromeister: tis a team game
(06:00 / Allies) Bromeister: run
(06:01 / Allies) Bromeister: ddue
(06:02 / Allies) Bromeister: micro
(06:04 / Allies) Bromeister: holy fuck
(06:10 / All) Bromeister: teal's micro godly
(06:19 / Allies) qwsedrf: u talk to much
(06:44 / Allies) Bromeister: bm go
(06:45 / Allies) Bromeister: u fuck
(07:25 / Allies) Bromeister: dont die red tho kill his workers
(08:07 / Allies) Bromeister: kill morts
(08:12 / Allies) Bromeister: morts
(08:34 / Allies) qwsedrf: nice red
(08:50 / Allies) qwsedrf: oj is a tower noob
(08:54 / All) Bromeister: lolwut
(09:05 / Allies) qwsedrf: without us u suck
(09:14 / Allies) qwsedrf: we have to cover u
(09:40 / Allies) Bromeister: get am
(09:57 / All) Bromeister: LOL